 Dungeon Crawl Stone Soup version 0.29-a0-298-g3c90f9a769 (webtiles) character file.

Game seed: 6616308037206150050

4 kae the Firebug (level 1, 0/10 HPs)
             Began as a Tengu Fire Elementalist on Mar 22, 2022.
             Slain by an endoplasm (3 damage)
             ... on level 1 of the Dungeon.
             The game lasted 00:00:17 (270 turns).

kae the Firebug (Tengu Fire Elementalist)            Turns: 270, Time: 00:00:17

Health: 0/10       AC:  2    Str:  8    XL:     1   Next: 70%
Magic:  1/4        EV: 12    Int: 15    God:
Gold:   28         SH:  0    Dex: 14    Spells: 3/4 levels left

rFire   . . .      SeeInvis .   e - +1 long sword (holy)
rCold   . . .      Faith    .   (no shield)
rNeg    . . .      Spirit   .   a - +0 robe
rPois   .          Reflect  .   (helmet restricted)
rElec   .          Harm     .   (no cloak)
rCorr   .          Rampage  .   (no gloves)
Will    .....                   (boots unavailable)
Stlth   ++........              (no amulet)
HPRegen 0.03/turn               (no ring)
MPRegen 0.09/turn               (no ring)

@: no status effects
A: beak, talons 3
a: no special abilities


You were on level 1 of the Dungeon.
You visited 1 branch of the dungeon, and saw 1 of its levels.

You collected 28 gold pieces.

Inventory:

Hand Weapons
 e - a +1 long sword of holy wrath (weapon)
Armour
 a - a +0 robe (worn)
Potions
 b - a potion of magic
 c - a potion of might {unknown}
 d - a potion of attraction {unknown}


   Skills:
 + Level 0.2 Fighting
 - Level 2.1 Dodging
 - Level 2.0 Stealth
 + Level 2.0 Spellcasting
 + Level 1.6 Conjurations
 * Level 3.4 Fire Magic


You had 3 spell levels left.
You knew the following spells:

 Your Spells              Type           Power      Damage    Failure   Level
a - Foxfire               Conj/Fire      36%        2x1d5     8%          1

Your spell library contained the following spells:

 Spells                   Type           Power      Damage    Failure   Level
 Scorch                   Fire           22%        2d6       9%          2
 Beastly Appendage        Tmut           2%         N/A       22%         1
 Conjure Flame            Conj/Fire      9%         6-21      24%         3
 Wereblood                Tmut           1%         N/A       32%         2
 Inner Flame              Hex/Fire       6%         N/A       32%         3
 Spider Form              Tmut/Pois      1%         N/A       54%         3
 Flame Wave               Conj/Fire      9%         2d5       61%         4


Dungeon Overview and Level Annotations

Branches:
Dungeon (1/15)

Altars:


Innate Abilities, Weirdness & Mutations

You have a beak for a mouth.
You have claws for feet.


Message History

There are monsters nearby!
There are monsters nearby!
There are monsters nearby!
There are monsters nearby!
There are monsters nearby!
There are monsters nearby!
There are monsters nearby!
There are monsters nearby!
There are monsters nearby!
There are monsters nearby!
You completely miss the rat.
The rat is severely wounded.
The rat misses you. The endoplasm closely misses you. The rat bites you.
You closely miss the rat. Your kick misses the rat.
The rat is severely wounded.
The endoplasm freezes you.
You are frozen.
The rat closely misses you.
You are too injured to fight recklessly!
You are too injured to fight recklessly!
The endoplasm attacks as you move away!
The endoplasm hits you but does no damage.
Casting: Foxfire (safe; 8% risk of failure)
Confirm with . or Enter, or press ? or * to list all spells.
You conjure some foxfire!
The endoplasm barely misses you. The endoplasm closely misses you.
Your foxfire dissipates!
The endoplasm attacks as you move away! The endoplasm hits you.
* * * LOW HITPOINT WARNING * * *
The endoplasm attacks as you move away! The endoplasm closely misses you.
Casting: Foxfire (safe; 8% risk of failure)
Confirm with . or Enter, or press ? or * to list all spells.
You conjure some foxfire!
The endoplasm closely misses you.
The foxfire hits the endoplasm but does no damage.
The endoplasm freezes you.
You are frozen.
* * * LOW HITPOINT WARNING * * *
Casting: Foxfire (safe; 8% risk of failure)
Confirm with . or Enter, or press ? or * to list all spells.
You conjure some foxfire!
The endoplasm hits you.
You die...

#..#.....# #... ..
#... #..#.....#
#... ..##...
#.#.....# .......
#.......# )......
#.......# .......
#..##+### .......
#...#.#
......†######v#.#.#
......!....rJ@#.#.#
.......########...#
....... ##..#
....... #..# ####
.......
#####..######..##
.......
#...†...........###
......#
#.................#
......
#............##....
######.......###...


You could see an endoplasm (ally target) and a rat.

Vanquished Creatures
  2 endoplasms (D:1)
  2 ball pythons (D:1)
  A rat (D:1)
5 creatures vanquished.

Vanquished Creatures (others)
  19 foxfires (D:1)
19 creatures vanquished.

Grand Total: 24 creatures vanquished

Notes
Turn   | Place    | Note
-------+----------+-------------------------------------------
     0 | D:1      | kae the Tengu Fire Elementalist began the quest for the
                  | Orb.
     0 | D:1      | Reached XP level 1. HP: 10/10 MP: 4/4
   270 | D:1      | Slain by an endoplasm

Illustrated notes

Levels and vault maps discovered:
D:1:      evilmike_arrival_crescent, layout_basic,
          dilly_ecumenical_altar_fadedgnrine

Action                   || total
-------------------------++-------
Melee: Long sword        ||     5
 Cast: Foxfire           ||    13
Armor: Robe              ||     2
Dodge: Dodged            ||    10

Table legend: (Time is in decaauts)
 A = Elapsed time spent in this place.
 B = Non-inter-level travel time spent in this place.
 C = Inter-level travel time spent in this place.
 D = Time resting spent in this place.
 E = Time spent auto-exploring this place.
 F = Levels seen in this place.
 G = Mean time per level.
                   A        B        C        D        E       F      G
               +--------+--------+--------+--------+--------+-----+--------+
         Total |    271 |    227 |     44 |      0 |    178 |   1 |  271.0 |
       Dungeon |    271 |    227 |     44 |      0 |    178 |   1 |  271.0 |
               +--------+--------+--------+--------+--------+-----+--------+

Top non-repeatable levels by time:
     D:1: 271 daAuts
